 Dungeon Sprint DCSS version 0.21.0-3-g78d12a8 (webtiles) character file.

108 wojtek the Chopper (level 4, -12/44 HPs)
             Began as a Minotaur Berserker on Jan 13, 2018.
             Was a Believer of Trog.
             Splashed by an oklob sapling's acid (13 damage)
             ... in the Dungeon (Sprint IV: "Fedhas' Mad Dash").
             The game lasted 00:00:37 (239 turns).

wojtek the Chopper (Minotaur Berserker)              Turns: 239, Time: 00:00:38

Health: -12/44     AC: -1    Str: 22    XL:     4   Next: 58%
Magic:  1/3        EV: 14    Int:  4    God:    Trog [**....]
Gold:   40         SH:  0    Dex: 10    Spells: 3/3 levels left

rFire    . . .     SeeInvis .   a - +0 hand axe
rCold    . . .     Gourm    .   (no shield)
rNeg     . . .     Faith    .   b - +0 animal skin
rPois    .         Spirit   .   (helmet restricted)
rElec    .         Reflect  .   (no cloak)
rCorr    .         Harm     .   (no gloves)
MR       .....     NoTele   +   (no boots)
Stlth    +.........             m - amulet of invisibility {+Inv}
HPRegen  0.14/turn              (no ring)
MPRegen  0.08/turn              (no ring)

@: corroded, very slightly contaminated, invisible
A: retaliatory headbutt, horns 2
a: Berserk, Trog's Hand, Burn Spellbooks, Renounce Religion


You were in the Dungeon.
You worshipped Trog.
Trog was pleased with you.
You were not hungry.

You visited 1 branch You collected 40 gold pieces.

Inventory:

Hand Weapons
 a - a +0 hand axe (weapon)
Armour
 b - a +0 animal skin (worn)
Jewellery
 m - the amulet of invisibility (around neck) {+Inv}
   (You found it in the Dungeon)

   [amulet of nothing]

   It lets you turn invisible.
Scrolls
 i - a scroll of blinking
 k - a scroll of fear {unknown}
 l - a scroll of identify {unknown}
Potions
 d - a potion of curing
 e - a potion of heal wounds
 f - a potion of haste
 g - 2 potions of magic
 h - a potion of berserk rage
Comestibles
 c - a ration
 j - a chunk of flesh


   Skills:
 + Level 6.1 Fighting
 * Level 7.8 Axes
 + Level 5.4 Armour
 + Level 4.9 Dodging


You had 3 spell levels left.
You didn't know any spells.

Dungeon Overview and Level Annotations

Branches:
Dungeon (1/1)

Altars:
Cheibriados
Dithmenos
Elyvilon
Gozag
Hepliaklqana
Kikubaaqudgha
Makhleb
Nemelex Xobeh
Okawaru
Qazlal
Ru
Sif Muna
Trog
Uskayaw
Vehumet
Wu Jian
Xom
Yredelemnul
Zin
The Shining One
Beogh
Jiyva
Lugonu

Annotations:
D exclusion: oklob sapling


Innate Abilities, Weirdness & Mutations

You reflexively headbutt those who attack you in melee.
You have a pair of horns on your head.


Message History

The oklob sapling spits acid at you. The splash of acid misses you.
Found 4 gold pieces.
Which direction?
You close the door.
You start waiting.
Your magical contamination has completely faded away.
You fail to use your ability.
You fail to use your ability.
You fade into invisibility!
You are very lightly contaminated with residual magic.
You feel quite a bit more hungry.
You open the door. The oklob sapling spits acid at you.
The splash of acid hits you!
You are splashed with acid!
The acid burns!
The oklob sapling spits acid at something.
The splash of acid hits you!
* * * LOW HITPOINT WARNING * * *
The acid corrodes you!
You are splashed with acid!
The acid burns!
You die...

###############################
#<..P#.÷...#.....#.⌠._._._._.⌠.
#PP..'.†...'.#...'.._._._._._..
#PPPP#.....#.#...#..._._._._...
###############@##.._._._._._..
+...#._._._._._.⌠.
#$P$############## #####


You could see an oklob sapling.

Vanquished Creatures
  2 oklob saplings (D)
  A worker ant (D)
  A river rat (D)
  A rat (D)
5 creatures vanquished.

Notes
Turn   | Place    | Note
-------+----------+-------------------------------------------
     0 | D        | wojtek the Minotaur Berserker began the quest for the Orb.
     0 | D        | Reached XP level 1. HP: 19/19 MP: 0/0
     6 | D        | Reached skill level 4 in Axes
     6 | D        | Reached XP level 2. HP: 27/27 MP: 1/1
    18 | D        | Noticed an oklob sapling
    24 | D        | Killed an oklob sapling
    24 | D        | Reached ** piety under Trog
    24 | D        | Reached skill level 6 in Axes
    24 | D        | Reached XP level 3. HP: 35/35 MP: 2/2
    27 | D        | Found the amulet of invisibility {+Inv}
    34 | D        | Reached skill level 5 in Fighting
    84 | D        | Found an opulent altar of Gozag.
    84 | D        | Found a hazy altar of Hepliaklqana.
    84 | D        | Found a burning altar of Makhleb.
    84 | D        | Found a roughly hewn altar of Beogh.
    84 | D        | Found a sparkling altar of Nemelex Xobeh.
    84 | D        | Found a snail-covered altar of Cheibriados.
    84 | D        | Found a sacrificial altar of Ru.
    84 | D        | Found a deep blue altar of Sif Muna.
    84 | D        | Found a shimmering altar of Xom.
    84 | D        | Found a basalt altar of Yredelemnul.
    85 | D        | Found a viscous altar of Jiyva.
    85 | D        | Found a bloodstained altar of Trog.
    85 | D        | Found an ornate altar of the Wu Jian Council.
    85 | D        | Noticed an oklob sapling priest
    86 | D        | Found an iron altar of Okawaru.
    86 | D        | Found a shadowy altar of Dithmenos.
    86 | D        | Found a glowing silver altar of Zin.
    87 | D        | Found an ancient bone altar of Kikubaaqudgha.
    87 | D        | Found a hide-covered altar of Uskayaw.
    88 | D        | Found a stormy altar of Qazlal.
    88 | D        | Found a white marble altar of Elyvilon.
    88 | D        | Found a glowing golden altar of the Shining One.
    89 | D        | Found a corrupted altar of Lugonu.
    89 | D        | Found a radiant altar of Vehumet.
    96 | D        | Killed an oklob sapling priest
    96 | D        | Reached skill level 7 in Axes
    96 | D        | Reached skill level 5 in Armour
    96 | D        | Reached XP level 4. HP: 44/44 MP: 1/3
   239 | D        | HP: 1/44 [oklob sapling/splash of acid (17)]
   239 | D        | Splashed by an oklob sapling's acid

Skill      XL: |  1  2  3 |
---------------+----------+-----
Fighting       | 4 6 |  6.1
Axes           | 4 6 7 |  7.8
Armour         | 3 4 5 |  5.4
Dodging        | 3 4 |  4.9

Action                   |  1- 3 |  4- 6 || total
-------------------------+-------+-------++-------
Melee: Hand axe          |    20 |       ||    20
       Headbutt          |     3 |       ||     3
Invok: Berserk           |     1 |       ||     1
 Abil: Evoke Invisibilit |     1 |     1 ||     2
Dodge: Dodged            |     5 |     1 ||     6
